 Dungeon Crawl Stone Soup version 0.29-a0-289-g2178c42546 (webtiles) character file.

Game seed: 18331850231259183389

71 kae the Chopper (level 4, -2/41 HPs)
             Began as a Hill Orc Fighter on Mar 17, 2022.
             Slain by a gnoll
             ... wielding a +0 spear
              (3 damage)
             ... on level 2 of the Dungeon.
             The game lasted 00:00:53 (982 turns).

kae the Chopper (Hill Orc Fighter)                   Turns: 982, Time: 00:00:54

Health: -2/41      AC:  6    Str: 20    XL:     4   Next: 24%
Magic:  4/4        EV:  9    Int:  8    God:
Gold:   43         SH:  4    Dex: 10    Spells: 3/3 levels left

rFire   . . .      SeeInvis .   a - +0 war axe
rCold   . . .      Faith    .   c - +0 buckler
rNeg    . . .      Spirit   .   b - +0 scale mail
rPois   .          Reflect  .   (no helmet)
rElec   .          Harm     .   (no cloak)
rCorr   .          Rampage  .   (no gloves)
Will    .....                   (no boots)
Stlth   ..........              (no amulet)
HPRegen 0.13/turn               (no ring)
MPRegen 0.09/turn               (no ring)

@: no status effects
A: no striking features
a: no special abilities


You were on level 2 of the Dungeon.
You visited 1 branch of the dungeon, and saw 2 of its levels.

You collected 43 gold pieces.

Inventory:

Hand Weapons
 a - a +0 war axe (weapon)
Armour
 b - a +0 scale mail (worn)
 c - a +0 buckler (worn)
Scrolls
 f - a scroll of fear {unknown}
 g - a scroll of brand weapon {unknown}
 h - a scroll of teleportation {unknown}
 i - a scroll of identify {unknown}
 k - a scroll of torment {unknown}
Potions
 d - a potion of might
 e - a potion of heal wounds {unknown}
 j - a potion of attraction {unknown}


   Skills:
 + Level 4.5 Fighting
 * Level 5.0 Axes
 - Level 3.2 Armour
 - Level 3.2 Shields


You had 3 spell levels left.
You didn't know any spells.
Your spell library contained the following spells:

 Spells                   Type           Power      Damage    Failure   Level
 Animate Skeleton         Necr           0%         N/A       85%         1
 Apportation              Tloc           0%         N/A       85%         1
 Summon Small Mammal      Summ           0%         N/A       85%         1


Dungeon Overview and Level Annotations

Branches:
Dungeon (2/15)

Altars:


Message History

You are too injured to fight recklessly!
You are too injured to fight recklessly!
There are monsters nearby!
You are too injured to fight recklessly!
You are too injured to fight recklessly!
You are too injured to fight recklessly!
You are too injured to fight recklessly!
You are too injured to fight recklessly!
You are too injured to fight recklessly!
You slash the gnoll!
You kill the gnoll!
You barely miss the hound. You closely miss the gnoll.
The hound bites you but does no damage. You block the hound's attack.
The gnoll closely misses you. You block the gnoll's attack.
You have reached level 4!
You barely miss the hound. You slash the gnoll! The hound misses you.
The gnoll hits you from afar with a +0 spear.
The gnoll barely misses you. The hound barely misses you.
You hit the hound.
The hound is moderately wounded.
You slash the gnoll!
You kill the gnoll!
The hound barely misses you.
The gnoll hits you from afar with a +0 spear!
The hound bites you. The gnoll closely misses you.
Your Axes skill increases to level 5!
You barely miss the hound.
The hound is moderately wounded.
The hound bites you.
* * * LOW HITPOINT WARNING * * *
The hound bites you.
* * * LOW HITPOINT WARNING * * *
The gnoll hits you from afar with a +0 spear.
* * * LOW HITPOINT WARNING * * *
You completely miss the hound.
The hound is moderately wounded.
The hound bites you.
* * * LOW HITPOINT WARNING * * *
The gnoll hits you from afar with a +0 spear.
You die...

##......# .....
##.......#.. ......
#........#.########
....?.
#.......##.........
...... #......#
#.#######.
#.....##...g.# #.# #.
#.......h).# #.# #.
#......@)######.#######.
####''####..............
#.......#############
#########


You could see a hound and a gnoll.

Vanquished Creatures
  3 gnolls (D:2)
  An adder (D:2)
  A dart slug (D:1)
  A ball python (D:1)
  3 endoplasms
  3 goblins (D:1)
  2 hobgoblins (D:1)
  5 kobolds (D:1)
  2 quokkas (D:1)
  4 bats
  2 frilled lizards (D:1)
  3 rats (D:1)
30 creatures vanquished.

Notes
Turn   | Place    | Note
-------+----------+-------------------------------------------
     0 | D:1      | kae the Hill Orc Fighter began the quest for the Orb.
     0 | D:1      | Reached XP level 1. HP: 19/19 MP: 1/1
    41 | D:1      | Reached skill level 3 in Axes
   116 | D:1      | Reached XP level 2. HP: 23/27 MP: 2/2
   531 | D:1      | Reached skill level 4 in Axes
   536 | D:1      | Reached XP level 3. HP: 30/33 MP: 3/3
   979 | D:2      | Reached XP level 4. HP: 27/41 MP: 4/4
   981 | D:2      | Reached skill level 5 in Axes
   982 | D:2      | HP: 1/41 [hound (2)]
   982 | D:2      | Slain by a gnoll

Illustrated notes

Levels and vault maps discovered:
D:1:      psy_arrival_basics, layout_rooms
D:2:      layout_basic, kennysheep_cross_room, minmay_misc_feat_more_columns,
          uniq_robin

Skill      XL: |  1  2  3  4 |
---------------+-------------+-----
Axes           | 3 4 5 |  5.0
Fighting       | 4 |  4.5
Armour         | |  3.2
Shields        | |  3.2

Action                   |  1- 3 |  4- 6 || total
-------------------------+-------+-------++-------
Melee: War axe           |    69 |     4 ||    73
Armor: Scale mail        |    45 |       ||    45
Dodge: Dodged            |    32 |     5 ||    37
Block: Buckler           |    14 |       ||    14

Table legend: (Time is in decaauts)
 A = Elapsed time spent in this place.
 B = Non-inter-level travel time spent in this place.
 C = Inter-level travel time spent in this place.
 D = Time resting spent in this place.
 E = Time spent auto-exploring this place.
 F = Levels seen in this place.
 G = Mean time per level.
                   A        B        C        D        E       F      G
               +--------+--------+--------+--------+--------+-----+--------+
         Total |   1007 |    982 |     25 |      0 |    812 |   2 |  503.5 |
       Dungeon |   1007 |    982 |     25 |      0 |    812 |   2 |  503.5 |
               +--------+--------+--------+--------+--------+-----+--------+

Top non-repeatable levels by time:
     D:1: 748 daAuts
     D:2: 259 daAuts
